 Dungeon Crawl Stone Soup version 0.31.0-9-g3a7656b989 (webtiles) character file.

Game seed: 16566099113316037875

23 qw the Shooter (level 2, 0/14 HPs)
             Began as a Spriggan Hunter on Feb 2, 2024.
             Succumbed to their own poison gas
             ... on level 1 of the Dungeon.
             The game lasted 00:00:01 (918 turns).

qw the Shooter (Spriggan Hunter)                     Turns: 918, Time: 00:00:02

Health: 0/14       AC:  2    Str:  7    XL:     2   Next: 75%
Magic:  3/3        EV: 19    Int: 10    God:
Gold:   84         SH:  0    Dex: 18    Spells: 1/1 levels left

rFire   . . .        a - +0 shortbow
rCold   . . .        (shield currently unavailable)
rNeg    . . .        c - +0 robe
rPois   .            (helmet restricted)
rElec   .            (no cloak)
rCorr   .            (gloves unavailable)
SInv    +            (boots unavailable)
Will    .....        (no amulet)
Stlth   +            (no ring)
HPRegen 0.22/turn    (no ring)
MPRegen 0.08/turn

%: no passive effects
@: lethally poisoned (0 -> -17), slow
A: very small, no large weapons, unfitting armour, see invisible, speed 3
a: no special abilities


You were on level 1 of the Dungeon.
You visited 1 branch of the dungeon, and saw 1 of its levels.

You collected 84 gold pieces.


Innate Abilities, Weirdness & Mutations

You are very small and have problems with some larger weapons.
You are too small for most types of armour.
You have supernaturally acute eyesight. (SInv)
You cover ground extremely quickly. (Speed+++)


   Skills:
 - Level 1.5 Fighting
 + Level 4.2 Ranged Weapons
 - Level 4.0 Dodging
 - Level 1.5 Stealth


You had one spell level left.
You didn't know any spells.
Your spell library was empty.

Inventory:

Hand Weapons
 a - a +0 shortbow (weapon)
Armour
 c - a +0 robe (worn)
Potions
 d - a potion of lignification {unknown}
 e - a potion of cancellation {unknown}
 g - a potion of enlightenment {unknown}
 h - a potion of magic {unknown}

Dungeon Overview and Level Annotations

Branches:
Dungeon (1/15)

Altars:


Message History

Moving in this stuff is going to be slow.
You enter the shallow water.
Moving in this stuff is going to be slow.
There is an open door here.
There is a faded altar of an unknown god here.
There is a faded altar of an unknown god here.
There is an open door here.
You enter the shallow water.
Moving in this stuff is going to be slow.
Partly explored, can't reach some places.
Partly explored, can't reach some places.
914 ||| READING 3 scrolls labelled VUVVOTTACOF.
The air fills with toxic fumes!
As you read the scroll labelled VUVVOTTACOF, it crumbles to dust.
It was a scroll of poison.
Partly explored, can't reach some places.
915 ||| DROPPING scroll of butterflies.
You drop a scroll of butterflies.
You hear a splash.
Partly explored, can't reach some places.
916 ||| DROPPING 2 scrolls of poison.
You drop 2 scrolls of poison.
You hear a splash.
Partly explored, can't reach some places.
What level of the Dungeon? (default 1, ? - help) Sorry, I don't know how to get there.
Enter note:
Enter note:
Enter note:
Enter note:
Enter note:
Enter note:
Enter note:
Enter note:
Enter note:
Enter note:
Enter note:
Enter note: You are engulfed in poison gas.
You are lethally poisoned!
Ouch! That really hurt!
You feel extremely sick.
918 ||| Stepping ~*~*~tactically~*~*~ (cloud).
You die...

#.# ###### ###
#.####....# ##~~#
.........¤### ##¤¤####
#.####.##.¤.###¤¤##.¤#
..# #.####¤.##¤¤¤#¤¤#
### #)###¤¤¤#0¤¤##¤¤#
#...¤¤¤P¤¤¤¤¤0¤0#
#######.0¤¤¤¤¤¤¤¤¤0¤#
#.^.....¤0¤¤¤¤P@P0¤¤#
##....~..¤¤¤0¤¤0¤¤¤¤¤#
...~~..P~¤¤¤0¤¤00¤¤¤##
~~~.~~~~~00¤¤¤P¤¤#¤##
~~~~~~~~~¤¤¤¤¤¤¤¤¤.#
~~~~~~~~~¤0¤¤¤¤¤0¤##
~~~~~~~~~¤¤¤¤¤¤#¤¤#
~~~~~~~~~¤¤¤¤¤¤.00#
.~~~~..~.~..#.#.#.#


There were no monsters in sight!

Vanquished Creatures
  2 dart slugs (D:1)
  2 bats (D:1)
  3 endoplasms (D:1)
  A giant cockroach (D:1)
  A goblin (D:1)
  3 hobgoblins (D:1)
  A kobold (D:1)
  2 frilled lizards (D:1)
  2 rats (D:1)
17 creatures vanquished.

Notes
Turn   | Place    | Note
-------+----------+-------------------------------------------
     0 | D:1      | qw the Spriggan Hunter began the quest for the Orb.
     0 | D:1      | Reached XP level 1. HP: 10/10 MP: 2/2
     0 | D:1      | 0 ||| qw: Version: 0.3-a-155-g5e7d8dd
     0 | D:1      | 0 ||| qw: Game counter: 1418
     0 | D:1      | 0 ||| qw: Melee chars always use a shield: true
     0 | D:1      | 0 ||| qw: God list: Okawaru
     0 | D:1      | 0 ||| qw: Allow faded altars: false
     0 | D:1      | 0 ||| qw: Do Orc after clearing Dungeon:15 true
     0 | D:1      | 0 ||| qw: Do second Lair branch before Depths: true
     0 | D:1      | 0 ||| qw: Lair rune preference: random
     0 | D:1      | 0 ||| qw: Goals: Normal
     0 | D:1      | 0 ||| PLANNING D:1-11
    92 | D:1      | Reached skill level 3 in Dodging
   108 | D:1      | Found a faded altar of an unknown god.
   254 | D:1      | Reached XP level 2. HP: 14/14 MP: 3/3
   914 | D:1      | 914 ||| READING 3 scrolls labelled VUVVOTTACOF.
   915 | D:1      | 915 ||| DROPPING scroll of butterflies.
   916 | D:1      | 916 ||| DROPPING 2 scrolls of poison.
   918 | D:1      | 918 ||| Stepping ~*~*~tactically~*~*~ (cloud).
   918 | D:1      | Succumbed to their own poison gas

Levels and vault maps discovered:
D:1:      psy_arrival_basics, layout_loops_cross,
          nicolae_ecumenical_lake_church, minivault_14,
          chequers_serial_rivers_micro_a, chequers_big_river,
          minmay_misc_feat_room

Skill      XL: |  1  2 |
---------------+-------+-----
Dodging        | 3 4 |  4.0
Fighting       | |  1.5
Ranged Weapons | |  4.2
Stealth        | |  1.5

Action                     || total
---------------------------++-------
   Fire: Shortbow          ||    30
    Use: Scroll            ||     1
  Dodge: Dodged            ||     5

Table legend:
 A = Non-vault XP
 B = Vault XP
 C = Vault XP percentage of total XP
 D = Non-vault monster count
 E = Vault monster count
 F = Vault count percentage of total count
                 A         B        C        D         E       F
            +---------+---------+-------+---------+---------+-------
      Total |      34 |       0 |   0.0 |      17 |       0 |   0.0
            +---------+---------+-------+---------+---------+-------
        D:1 |      34 |       0 |   0.0 |      17 |       0 |   0.0
            +---------+---------+-------+---------+---------+-------
